 Dungeon Crawl Stone Soup version 0.19-a0-1682-g5114f93 (webtiles) character file.

494 Amnesiac the Vexing (level 6, 0/41 HPs)
             Began as a Mummy Enchanter on Sept 25, 2016.
             Slain by Duvessa (2 damage)
             ... on level 4 of the Dungeon.
             The game lasted 00:15:53 (8222 turns).

Amnesiac the Vexing (Mummy Enchanter)               Turns: 8222, Time: 00:15:53

Health: 0/41       AC:  7    Str: 12    XL:     6   Next: 92%
Magic:  4/9        EV: 12    Int: 16    God:
Gold:   387        SH:  0    Dex: 12    Spells: 4 memorised, 0 levels left

rFire  x . .     SeeInvis .     a - +2 dagger
rCold  + + +     Gourm    .     k - +2 robe {rC+}
rNeg   + + +     Faith    .     (no shield)
rPois  ∞         Spirit   .     j - +0 helmet
rElec  .         Dismiss  .     g - +0 cloak
rCorr  .         Reflect  .     (no gloves)
MR     .....     Harm     .     (no boots)
Stlth  ++........               (no amulet)
                                (no ring)
                                i - ring of protection from cold

@: no status effects
A: no food or potions, fire vulnerability, cold resistance 1, negative energy
resistance 3, torment resistance, unbreathing
a: no special abilities


You were on level 4 of the Dungeon.
You were not hungry.

You visited 1 branch of the dungeon, and saw 5 of its levels.

You collected 387 gold pieces.

Inventory:

Hand Weapons
 a - a +2 dagger (weapon)
 m - a +0 blowgun
Missiles
 o - 24 poisoned needles
Armour
 g - a +0 cloak (worn)
 j - a +0 helmet (worn)
 k - a +2 robe of cold resistance (worn)
Jewellery
 b - an uncursed amulet of guardian spirit
 i - a ring of protection from cold (left hand)
 p - an uncursed ring of magical power {unknown}
Wands
 n - a wand of lightning (14/15)
Scrolls
 d - 3 scrolls of remove curse
 e - 3 scrolls of teleportation
 f - 3 scrolls of identify
 h - 3 scrolls of enchant armour
 l - a scroll of recharging
 q - a scroll of enchant weapon
Books
 c - a book of Maledictions

   Spells                             Type                      Level
   a - Corona                         Hexes                        1
   b - Ensorcelled Hibernation        Hexes/Ice                    2
   c - Confuse                        Hexes                        3
   d - Tukima's Dance                 Hexes                        3
   e - Dazzling Spray                 Conjuration/Hexes            3


   Skills:
 - Level 3.6 Short Blades
 - Level 1.5 Dodging
 + Level 3.4 Stealth
 - Level 2.5 Spellcasting
 - Level 5.0 Hexes


You couldn't memorise any spells.
You knew the following spells:

 Your Spells              Type           Power        Failure   Level  Hunger
a - Dazzling Spray        Conj/Hex       ##....       21%         3    N/A
e - Confuse               Hex            ###.....     10%         3    N/A
f - Corona                Hex            ###....      2%          1    N/A
w - Tukima's Dance        Hex            ###.....     10%         3    N/A

Dungeon Overview and Level Annotations

Branches:
Dungeon (5/15)
 Temple: D:4-7

Altars:
Nemelex Xobeh
Okawaru
Sif Muna

Annotations:
D:4 Dowan; Duvessa; st0uf's ghost, novice DsGl


Innate Abilities, Weirdness & Mutations

You do not eat or drink.
Your flesh is vulnerable to fire.
You are immune to poison.
Your flesh is cold resistant. (rC+)
You are immune to negative energy. (rN+++)
You are immune to unholy pain and torment.
You can survive without breathing.


Message History

Duvessa hits you but does no damage.
The orc shouts!
Duvessa says, "When magic and the sword combine, nothing stands against them."
You see here a halberd.
Duvessa barely misses you. The orc barely misses you. Duvessa hits you.
The orc priest shouts!
The orc throws a stone.
The stone misses you. The orc barely misses you. Duvessa hits you.
Duvessa barely misses you. Duvessa misses you. Duvessa hits you.
Duvessa hits you!
* * * LOW HITPOINT WARNING * * *
Duvessa hits you!
* * * LOW HITPOINT WARNING * * *
Dowan says, "Stay away from my face!"
You see here a fizzy clear potion.
Duvessa hits you.
You die...

######### #########
#######[.[....# ........#
#...%##.#####.# .######.#
#.##.##.#<.[#.# .# #.#
#.#...#.#[.[#.#
.######.########.#(..#.###.#.#
...e..eo..o.......>.<...)..#.#
.######.########.#..########.#
.# #o# #@#....# #.# .# #.#
#e####.# #.# .# #.########!#
#.# #.# e# #!o.e.oo.o%# #.#
#.# .# ############ #.# #.# ##
#.######.# #..[...<.#
##########


You could see Duvessa and an orc.

Vanquished Creatures
  An ogre (D:4)
  A scorpion (D:3)
  A crimson imp (D:5)
  Jessica (D:2)
  An orc wizard (D:4)
  3 worker ants
  Robin (D:2)
  4 gnolls
  7 adders
  2 oozes
  An adder skeleton (D:4)
  4 dart slugs
  6 leopard geckos
  13 orcs
  4 giant cockroaches
  8 goblins
  10 hobgoblins
  6 jackals
  2 quokkas (D:3)
  9 bats
  5 frilled lizards
  11 kobolds
  A leopard gecko skeleton (D:4)
  3 rats (D:3)
105 creatures vanquished.

Vanquished Creatures (collateral kills)
  A jackal (D:3)
1 creature vanquished.

Vanquished Creatures (others)
  3 dancing weapons (D:4)
3 creatures vanquished.

Grand Total: 109 creatures vanquished

Notes
Turn   | Place    | Note
-------+----------+-------------------------------------------
     0 | D:1      | Amnesiac the Mummy Enchanter began the quest for the Orb.
     0 | D:1      | Reached XP level 1. HP: 13/13 MP: 3/3
    54 | D:1      | Reached skill level 3 in Hexes
   255 | D:1      | Reached XP level 2. HP: 17/19 MP: 1/5
   955 | D:1      | Reached XP level 3. HP: 5/24 MP: 2/6
   960 | D:1      | Learned a level 3 spell: Confuse
  1196 | D:2      | Noticed Robin
  1434 | D:2      | Killed Robin
  1434 | D:2      | Reached skill level 1 in Short Blades
  1449 | D:2      | Reached skill level 4 in Hexes
  2007 | D:2      | Noticed Jessica
  2016 | D:2      | Killed Jessica
  2016 | D:2      | Reached XP level 4. HP: 30/30 MP: 0/7
  3194 | D:3      | Reached XP level 5. HP: 35/35 MP: 4/8
  3324 | D:3      | Learned a level 3 spell: Tukima's Dance
  3593 | D:3      | Found a sparkling altar of Nemelex Xobeh.
  3593 | D:3      | Found an iron altar of Okawaru.
  3593 | D:3      | Found a deep blue altar of Sif Muna.
  3958 | D:3      | Reached skill level 5 in Hexes
  4079 | D:4      | Noticed st0uf's ghost (novice DsGl)
  5036 | D:4      | Reached XP level 6. HP: 41/41 MP: 1/9
  6324 | D:4      | Learned a level 3 spell: Dazzling Spray
  7892 | D:5      | Entered Level 5 of the Dungeon
  8014 | D:5      | Noticed Duvessa
  8014 | D:5      | Noticed Dowan
  8220 | D:4      | HP: 2/41 [Duvessa (7)]
  8222 | D:4      | Slain by Duvessa

Vault maps used:
D:1:      eino_arrival_cavern_d
D:2:      kennysheep_generic_room_5, uniq_robin, uniq_jessica
D:3:      gammafunk_temple_overflow_claw
D:5:      serial_shops, shop, first_bread, kennysheep_generic_room_6,
          uniq_sigmund, uniq_duvessa, uniq_blork_the_orc

Skill      XL: |  1  2  3  4  5  6 |
---------------+-------------------+-----
Hexes          | 3 4 5 |  5.0
Short Blades   | 2 3 |  3.6
Stealth        | 3 |  3.4
Dodging        | |  1.5
Spellcasting   | |  2.5

Action                   |  1- 3 |  4- 6 || total
-------------------------+-------+-------++-------
Melee: Dagger            |   118 |   399 ||   517
       Hand axe          |     1 |       ||     1
       Morningstar       |       |     5 ||     5
 Cast: Corona            |    28 |     3 ||    31
       Confuse           |     5 |   106 ||   111
       Tukima's Dance    |       |     3 ||     3
       Dazzling Spray    |       |     2 ||     2
  Use: Scroll            |     5 |     4 ||     9
 Stab: Sleeping          |     5 |     5 ||    10
       Confused          |     3 |    39 ||    42
       Distracted        |       |     1 ||     1
Armor: Robe              |    32 |   159 ||   191
Dodge: Dodged            |    63 |   310 ||   373
